SAAA
CALGARY LYNX @ ALLOWAY HALBERDS
08/11/2028
 
TOP OF THE 1ST
Calgary Lynx batting - Pitching for Alloway Halberds : RHP Orlando De Jesús
Pitching: RHP Orlando De Jesús
Batting: RHB Alan Bryan 0-0: Called Strike
0-1: Swinging Strike
0-2: Ball
1-2: Foul Ball, location: 2F
1-2: Strikes out looking
Batting: RHB Michael Garrett 0-0: Ball
1-0: Called Strike
1-1: Ground out 5-3 (Groundball, 56)
Batting: LHB Herman Hayes 0-0: Called Strike
0-1: SINGLE (Line Drive, 4MD)
Batting: RHB Gilberto Rodríguez 0-0: Fly out, F7 (Flyball, 7D)
Top of the 1st over - 0 run(s), 1 hit(s), 0 error(s), 1 left on base; Calgary 0 - Alloway 0
BOTTOM OF THE 1ST
Alloway Halberds batting - Pitching for Calgary Lynx : LHP Felipe Machado
Pitching: LHP Felipe Machado
Batting: RHB Phil Sherman 0-0: Called Strike
0-1: Ball
1-1: Ball
2-1: Called Strike
2-2: Strikes out looking
Batting: RHB Vito Middendorf 0-0: Ball
1-0: Swinging Strike
1-1: Ball
2-1: Ground out 6-3 (Groundball, 56)
Batting: RHB Jordan Hollins 0-0: Ball
1-0: SINGLE (Flyball, 8RS)
Batting: LHB Jesús Trevino 0-0: Called Strike
0-1: Swinging Strike
0-2: Ball
1-2: Ball
2-2: Foul Ball, location: 2F
2-2: Ball
3-2: Foul Ball, location: 2F
3-2: Hit by Pitch
Jordan Hollins to second
Batting: RHB Juan Salinas 0-0: Called Strike
0-1: Ball
1-1: Fly out, F9 (Flyball, 9S)
Bottom of the 1st over - 0 run(s), 1 hit(s), 0 error(s), 2 left on base; Calgary 0 - Alloway 0
TOP OF THE 2ND
Calgary Lynx batting - Pitching for Alloway Halberds : RHP Orlando De Jesús
Batting: RHB Jesús Martínez 0-0: Ball
1-0: Called Strike
1-1: Ball
2-1: Ball
3-1: Swinging Strike
3-2: Base on Balls
Batting: LHB José León 0-0: Called Strike
0-1: Called Strike
0-2: Ball
1-2: Ground out 4-3 (Groundball, 4S)
Jesús Martínez to second
Batting: RHB Lytle Creek 0-0: Ball
1-0: Foul Ball, location: 2F
1-1: Ball
2-1: Swinging Strike
2-2: Strikes out swinging
Batting: RHB Hieu De 0-0: Ball
1-0: Swinging Strike
1-1: Ball
2-1: Ball
3-1: Swinging Strike
3-2: Foul Ball, location: 2F
3-2: Foul Ball, location: 2F
3-2: Base on Balls
Batting: RHB Bass Reeves 0-0: Called Strike
0-1: DOUBLE (Flyball, 78D)
Jesús Martínez scores
Hieu De to third
Runner from 3rd tries for Home, SAFE, no throw
Batting: RHB Alan Bryan 0-0: Ball
1-0: Foul Ball, location: 2F
1-1: Ball
2-1: Ball
3-1: Fly out, F9 (Flyball, 89M)
Top of the 2nd over - 2 run(s), 1 hit(s), 0 error(s), 1 left on base; Calgary 2 - Alloway 0
BOTTOM OF THE 2ND
Alloway Halberds batting - Pitching for Calgary Lynx : RHP Mark Simmons
Pitching: RHP Mark Simmons
Batting: RHB Scott Donlan 0-0: Called Strike
0-1: Ground out 6-3 (Groundball, 6)
Batting: RHB Rafael Delgado 0-0: Ball
1-0: Ball
2-0: Foul Ball, location: 2F
2-1: Ground out 4-3 (Groundball, 4)
Batting: RHB Carlos De Jesús 0-0: Ball
1-0: Ball
2-0: Ground out 6-3 (Groundball, 6S)
Bottom of the 2nd over - 0 run(s), 0 hit(s), 0 error(s), 0 left on base; Calgary 2 - Alloway 0
TOP OF THE 3RD
Calgary Lynx batting - Pitching for Alloway Halberds : RHP Orlando De Jesús
Batting: RHB Michael Garrett 0-0: Ball
1-0: Foul Ball, location: 2F
1-1: Ball
2-1: Foul Ball, location: 2F
2-2: Ball
3-2: Base on Balls
Batting: LHB Herman Hayes 0-0: Foul Ball, location: 2F
0-1: Swinging Strike
0-2: Ball
1-2: SINGLE (Line Drive, 89S)
Michael Garrett to second
Batting: RHB Gilberto Rodríguez 0-0: Grounds into double play, 6-4-3 (Groundball, 6)
Michael Garrett to third
Batting: RHB Jesús Martínez 0-0: Called Strike
0-1: Ball
1-1: Foul Ball, location: 2F
1-2: Ball
2-2: SINGLE (Line Drive, 7LS)
Michael Garrett scores
Batting: LHB José León 0-0: Ball
1-0: Foul Ball, location: 2F
1-1: Ground out U3 (Groundball, 34)
Top of the 3rd over - 1 run(s), 2 hit(s), 0 error(s), 1 left on base; Calgary 3 - Alloway 0
BOTTOM OF THE 3RD
Alloway Halberds batting - Pitching for Calgary Lynx : RHP Mark Simmons
Batting: RHB Jarred Morgan 0-0: Ball
1-0: Swinging Strike
1-1: Ball
2-1: Foul Ball, location: 2F
2-2: Foul Ball, location: 2F
2-2: SINGLE (Groundball, 56D)
Batting: RHB Phil Sherman 0-0: Ball
1-0: Ball
2-0: Foul Ball, location: 2F
2-1: Ball
Jarred Morgan steals 2nd base
3-1: Base on Balls
Batting: RHB Vito Middendorf 0-0: Hit by Pitch
Jarred Morgan to third
Phil Sherman to second
Batting: RHB Jordan Hollins 0-0: Foul Ball, location: 2F
0-1: Swinging Strike
0-2: Ball
1-2: Foul Ball, location: 2F
1-2: Ball
2-2: SINGLE (Groundball, 56D)
Jarred Morgan scores
Phil Sherman to third
Vito Middendorf to second
Pitching: RHP Bill Ball
Batting: LHB Jesús Trevino 0-0: Called Strike
0-1: Foul Ball, location: 2F
0-2: Grounds into double play, 4-6-3 (Groundball, 4)
Phil Sherman scores
Vito Middendorf to third
Batting: RHB Juan Salinas 0-0: Called Strike
0-1: Called Strike
0-2: Fly out, F6 (Line Drive, 6M)
Bottom of the 3rd over - 2 run(s), 2 hit(s), 0 error(s), 1 left on base; Calgary 3 - Alloway 2
TOP OF THE 4TH
Calgary Lynx batting - Pitching for Alloway Halberds : RHP Orlando De Jesús
Batting: RHB Lytle Creek 0-0: Ball
1-0: Ball
2-0: Foul Ball, location: 2F
2-1: Swinging Strike
2-2: Foul Ball, location: 2F
2-2: SINGLE (Flyball, 8RS)
Batting: RHB Hieu De 0-0: Foul Ball, location: 2F
0-1: Ball
Lytle Creek is caught stealing 2nd base
1-1: Ball
2-1: Called Strike
2-2: Strikes out swinging
Batting: RHB Bass Reeves 0-0: Ball
1-0: Ball
2-0: Ball
3-0: Base on Balls
Batting: RHB Alan Bryan 0-0: Ball
1-0: Called Strike
Bass Reeves is caught stealing 2nd base
Top of the 4th over - 0 run(s), 1 hit(s), 0 error(s), 0 left on base; Calgary 3 - Alloway 2
BOTTOM OF THE 4TH
Alloway Halberds batting - Pitching for Calgary Lynx : RHP Bill Ball
Batting: RHB Scott Donlan 0-0: Called Strike
0-1: Ball
1-1: Ball
2-1: Ground out 6-3 (Groundball, 6)
Batting: RHB Rafael Delgado 0-0: Called Strike
0-1: Fly out, F8 (Flyball, 78M)
Batting: RHB Carlos De Jesús 0-0: Ground out 5-3 (Groundball, 5L)
Bottom of the 4th over - 0 run(s), 0 hit(s), 0 error(s), 0 left on base; Calgary 3 - Alloway 2
TOP OF THE 5TH
Calgary Lynx batting - Pitching for Alloway Halberds : RHP Orlando De Jesús
Batting: RHB Alan Bryan 0-0: Foul Ball, location: 2F
0-1: Called Strike
0-2: SINGLE (Flyball, 78S)
Batting: RHB Michael Garrett 0-0: Ball
Alan Bryan is caught stealing 2nd base
1-0: Called Strike
1-1: Foul Ball, location: 2F
1-2: Foul Ball, location: 2F
1-2: Ball
2-2: Ball
3-2: DOUBLE (Line Drive, 89M)
Pitching: LHP António Muñóz
Batting: LHB Herman Hayes 0-0: Called Strike
0-1: Ball
1-1: Ball
2-1: Swinging Strike
2-2: Ball
3-2: Base on Balls
Batting: RHB Gilberto Rodríguez 0-0: Grounds into double play, 5-4-3 (Groundball, 5)
Top of the 5th over - 0 run(s), 2 hit(s), 0 error(s), 1 left on base; Calgary 3 - Alloway 2
BOTTOM OF THE 5TH
Alloway Halberds batting - Pitching for Calgary Lynx : RHP Bill Ball
Batting: RHB Jarred Morgan 0-0: Called Strike
0-1: Ball
1-1: SINGLE (Flyball, 9S)
Batting: RHB Phil Sherman 0-0: Ball
1-0: Bunted foul
1-1: Reached on error, E2 (Groundball, 25)
Jarred Morgan to third
Batting: RHB Vito Middendorf 0-0: Called Strike
0-1: Foul Ball, location: 2F
0-2: Fly out, F8 (Flyball, 78XD)
Runner from 3rd tags up, SCORES, no throw
Batting: RHB Jordan Hollins 0-0: Called Strike
0-1: Foul Ball, location: 2F
0-2: Ball
1-2: Ball
2-2: Foul Ball, location: 2F
2-2: Ball
3-2: Base on Balls
Pitching: RHP Manuel Pader
Batting: LHB Jesús Trevino 0-0: Ball
1-0: Fly out, F8 (Flyball, 89D)
Batting: RHB Juan Salinas 0-0: Fly out, F9 (Flyball, 9LM)
Bottom of the 5th over - 1 run(s), 1 hit(s), 1 error(s), 2 left on base; Calgary 3 - Alloway 3
TOP OF THE 6TH
Calgary Lynx batting - Pitching for Alloway Halberds : LHP António Muñóz
Batting: RHB Jesús Martínez 0-0: DOUBLE (Flyball, 9LD)
Batting: LHB José León 0-0: Ball
1-0: Foul Ball, location: 2F
1-1: Called Strike
1-2: 2-RUN HOME RUN (Flyball, 9LD), Distance : 343 ft
Batting: RHB Lytle Creek 0-0: Foul Ball, location: 2F
0-1: Swinging Strike
0-2: Ball
1-2: Foul Ball, location: 2F
1-2: Strikes out swinging
Batting: RHB Hieu De 0-0: Foul Ball, location: 2F
0-1: Foul Ball, location: 2F
0-2: Strikes out looking
Batting: RHB Bass Reeves 0-0: Ball
1-0: Ball
2-0: Called Strike
2-1: Foul Ball, location: 2F
2-2: Foul Ball, location: 2F
2-2: Foul Ball, location: 2F
2-2: Ball
3-2: Foul Ball, location: 2F
3-2: Ground out 5-3 (Groundball, 56S)
Top of the 6th over - 2 run(s), 2 hit(s), 0 error(s), 0 left on base; Calgary 5 - Alloway 3
BOTTOM OF THE 6TH
Alloway Halberds batting - Pitching for Calgary Lynx : RHP Manuel Pader
Batting: RHB Scott Donlan 0-0: Called Strike
0-1: Ball
1-1: Called Strike
1-2: Strikes out swinging
Batting: RHB Rafael Delgado 0-0: Foul Ball, location: 2F
0-1: SINGLE (Line Drive, 7S)
Batting: RHB Carlos De Jesús 0-0: Ball
Rafael Delgado steals 2nd base
1-0: Foul Ball, location: 2F
1-1: Foul Ball, location: 2F
1-2: Strikes out swinging
Batting: RHB Jarred Morgan 0-0: Called Strike
0-1: Ball
1-1: Ball
2-1: Swinging Strike
2-2: Foul Ball, location: 2F
2-2: Strikes out looking
Bottom of the 6th over - 0 run(s), 1 hit(s), 0 error(s), 1 left on base; Calgary 5 - Alloway 3
TOP OF THE 7TH
Calgary Lynx batting - Pitching for Alloway Halberds : LHP António Muñóz
Batting: RHB Alan Bryan 0-0: Foul Ball, location: 2F
0-1: Ball
1-1: Swinging Strike
1-2: Strikes out swinging
Batting: RHB Michael Garrett 0-0: Ball
1-0: Ball
2-0: Called Strike
2-1: DOUBLE (Groundball, 5L)
Batting: LHB Herman Hayes 0-0: Ball
Michael Garrett is caught stealing 3rd base
1-0: Foul Ball, location: 2F
1-1: Swinging Strike
1-2: Foul Ball, location: 2F
1-2: Strikes out swinging
Top of the 7th over - 0 run(s), 1 hit(s), 0 error(s), 0 left on base; Calgary 5 - Alloway 3
BOTTOM OF THE 7TH
Alloway Halberds batting - Pitching for Calgary Lynx : RHP Manuel Pader
Batting: RHB Phil Sherman 0-0: Ball
1-0: Fly out, F9 (Flyball, 9)
Batting: RHB Vito Middendorf 0-0: Foul Ball, location: 2F
0-1: Foul Ball, location: 2F
0-2: Ground out 6-3 (Groundball, 6M)
Batting: RHB Jordan Hollins 0-0: Ball
1-0: Called Strike
1-1: Ball
2-1: Called Strike
2-2: Reached on error, E6 (Groundball, 6)
Batting: LHB Jesús Trevino 0-0: Called Strike
Jordan Hollins steals 2nd base
0-1: Ball
1-1: Foul Ball, location: 2F
1-2: SINGLE (Line Drive, 89S)
Jordan Hollins to third
Runner from 3rd tries for Home, SAFE, no throw
Batting: RHB Juan Salinas 0-0: Ball
1-0: Fly out, F7 (Flyball, 7LS)
Bottom of the 7th over - 1 run(s), 1 hit(s), 1 error(s), 1 left on base; Calgary 5 - Alloway 4
TOP OF THE 8TH
Calgary Lynx batting - Pitching for Alloway Halberds : LHP António Muñóz
Batting: RHB Gilberto Rodríguez 0-0: Ball
1-0: Foul Ball, location: 2F
1-1: Foul Ball, location: 2F
1-2: Strikes out swinging
Batting: RHB Jesús Martínez 0-0: SINGLE (Groundball, 4MD)
Pinch Hitting: RHB Álex Estrada 0-0: TRIPLE (Line Drive, 9LS)
Jesús Martínez scores
Batting: RHB Lytle Creek 0-0: Called Strike
0-1: SINGLE (Flyball, 8LS)
Álex Estrada scores
Batting: RHB Hieu De 0-0: Called Strike
0-1: Ball
1-1: Ball
2-1: Fly out, F8 (Flyball, 8LS)
Batting: RHB Bass Reeves 0-0: Called Strike
0-1: Ball
1-1: Called Strike
1-2: Ball
2-2: Ball
Lytle Creek steals 2nd base
3-2: Fly out, F7 (Flyball, 7LMF)
Top of the 8th over - 2 run(s), 3 hit(s), 0 error(s), 1 left on base; Calgary 7 - Alloway 4
BOTTOM OF THE 8TH
Alloway Halberds batting - Pitching for Calgary Lynx : RHP Manuel Pader
Now in RF: Álex Estrada
Batting: RHB Scott Donlan 0-0: Ball
1-0: Called Strike
1-1: Swinging Strike
1-2: Ball
2-2: Strikes out swinging
Batting: RHB Rafael Delgado 0-0: Fly out, F8 (Flyball, 8RM)
Batting: RHB Carlos De Jesús 0-0: Called Strike
0-1: Ball
1-1: Ball
2-1: Ball
3-1: Base on Balls
Pitching: RHP Domingo Velasco
Batting: RHB Jarred Morgan 0-0: SINGLE (Line Drive, 4MD)
Carlos De Jesús to second
Batting: RHB Phil Sherman 0-0: Ball
1-0: SINGLE (Line Drive, 6D)
Carlos De Jesús to third
Jarred Morgan to second
Runner from 3rd tries for Home, SAFE, no throw
Pinch Hitting: LHB José Zarate 0-0: Ball
1-0: Single, Error in OF, E9, batter to second base
Jarred Morgan scores
Phil Sherman to third
Batting: RHB Jordan Hollins 0-0: Called Strike
0-1: Swinging Strike
0-2: Foul Ball, location: 2F
0-2: Ball
1-2: Foul Ball, location: 2F
1-2: Ground out 4-3 (Groundball, 4)
Bottom of the 8th over - 2 run(s), 3 hit(s), 1 error(s), 2 left on base; Calgary 7 - Alloway 6
TOP OF THE 9TH
Calgary Lynx batting - Pitching for Alloway Halberds : LHP António Muñóz
Pitching: RHP Shi-lin Li
Now at SS: Roberto López
Batting: RHB Alan Bryan 0-0: Fly out, F9 (Flyball, 89M)
Batting: RHB Michael Garrett 0-0: Called Strike
0-1: SINGLE (Line Drive, 8LM)
Pitching: RHP John Hicks
Batting: LHB Herman Hayes 0-0: Foul Ball, location: 2F
0-1: Ball
1-1: Ball
2-1: Ball
3-1: Called Strike
3-2: Fly out, F9 (Flyball, 9)
Batting: RHB Gilberto Rodríguez 0-0: Ball
1-0: Swinging Strike
1-1: Ball
2-1: Fly out, F9 (Flyball, 9S)
Top of the 9th over - 0 run(s), 1 hit(s), 0 error(s), 1 left on base; Calgary 7 - Alloway 6
BOTTOM OF THE 9TH
Alloway Halberds batting - Pitching for Calgary Lynx : RHP Domingo Velasco
Pitching: RHP Alfonso Vera
Batting: LHB Jesús Trevino 0-0: Swinging Strike
0-1: Called Strike
0-2: Ball
1-2: Ball
2-2: Foul Ball, location: 2F
2-2: Ground out 4-3 (Groundball, 4)
Batting: RHB Juan Salinas 0-0: Ball
1-0: SINGLE (Groundball, 56D)
Batting: RHB Scott Donlan 0-0: Called Strike
0-1: Ball
1-1: Ball
2-1: Ball
3-1: Foul Ball, location: 2F
3-2: Fly out, F8 (Flyball, 8LXD)
Pinch Hitting: RHB Wes Bradley 0-0: Ball
1-0: Ball
2-0: SINGLE (Line Drive, 6MD)
Juan Salinas to second
Batting: RHB Carlos De Jesús 0-0: Ball
1-0: Ball
2-0: Ball
3-0: Called Strike
3-1: SINGLE (Groundball, 6MD)
Juan Salinas to third
Wes Bradley to second
Runner from 3rd tries for Home, SAFE, no throw
Batting: RHB Jarred Morgan 0-0: Called Strike
0-1: Ball
Passed Ball!
Wes Bradley to third
Carlos De Jesús to second
1-1: Ball
2-1: Ground out 6-3 (Groundball, 6)
Bottom of the 9th over - 1 run(s), 3 hit(s), 0 error(s), 2 left on base; Calgary 7 - Alloway 7
TOP OF THE 10TH
Calgary Lynx batting - Pitching for Alloway Halberds : RHP John Hicks
Now in CF: Ramón Rivera
Batting: RHB Jesús Martínez 0-0: Ball
1-0: Ball
2-0: Called Strike
2-1: Swinging Strike
2-2: Ball
3-2: Strikes out swinging, 2-3 out at first.
Batting: RHB Álex Estrada 0-0: Ball
1-0: Ball
2-0: SINGLE (Line Drive, 56)
Batting: RHB Lytle Creek 0-0: Foul Ball, location: 2F
0-1: Ball
1-1: SINGLE (Groundball, 6) (infield hit)
Álex Estrada to second
Batting: RHB Hieu De 0-0: Ground out U3 (Groundball, 3S)
Álex Estrada to third
Lytle Creek to second
Pinch Hitting: LHB Daniel García 0-0: Called Strike
0-1: Fly out, F9 (Flyball, 89S)
Top of the 10th over - 0 run(s), 2 hit(s), 0 error(s), 2 left on base; Calgary 7 - Alloway 7
BOTTOM OF THE 10TH
Alloway Halberds batting - Pitching for Calgary Lynx : RHP Alfonso Vera
Now at 3B: Miguel Rosales
Batting: RHB Phil Sherman 0-0: Foul Ball, location: 2F
0-1: Called Strike
0-2: Fly out, F6 (Line Drive, 6)
Batting: SHB Roberto López 0-0: Swinging Strike
0-1: Ball
1-1: Called Strike
1-2: Ball
2-2: Foul Ball, location: 2F
2-2: Strikes out swinging, 2-3 out at first.
Batting: RHB Jordan Hollins 0-0: Called Strike
0-1: Ball
1-1: Ground out 1-3 (Groundball, 13S)
Bottom of the 10th over - 0 run(s), 0 hit(s), 0 error(s), 0 left on base; Calgary 7 - Alloway 7
TOP OF THE 11TH
Calgary Lynx batting - Pitching for Alloway Halberds : RHP John Hicks
Pinch Hitting: SHB Lowell Moon 0-0: Called Strike
0-1: Ball
1-1: Ball
2-1: Ball
3-1: Base on Balls
Batting: RHB Michael Garrett 0-0: Bunted foul
0-1: Bunted foul
0-2: Ball
1-2: Ball
2-2: Ball
3-2: Base on Balls
Lowell Moon to second
Batting: LHB Herman Hayes 0-0: Ball
1-0: Ball
2-0: Foul Ball, location: 2F
2-1: Fly out, F6 (Popup, 6MD)
Batting: RHB Gilberto Rodríguez 0-0: Called Strike
0-1: Ball
1-1: Called Strike
1-2: Ball
2-2: Ball
3-2: Foul Ball, location: 2F
3-2: Foul Ball, location: 2F
3-2: SINGLE (Flyball, 78S)
Lowell Moon to third
Michael Garrett to second
Runner from 3rd tries for Home, SAFE, no throw
Batting: RHB Jesús Martínez 0-0: Ball
1-0: Foul Ball, location: 2F
1-1: Ball
2-1: Fly out, F8 (Flyball, 78D)
Batting: RHB Álex Estrada 0-0: Ball
1-0: Called Strike
1-1: Ball
2-1: DOUBLE (Flyball, 78XD)
Michael Garrett scores
Gilberto Rodríguez to third
Runner from 3rd tries for Home, SAFE, throw made home
Batting: RHB Lytle Creek 0-0: Called Strike
0-1: Ball
1-1: Ball
2-1: Foul Ball, location: 2F
2-2: Ball
3-2: Base on Balls
Pitching: RHP Toby Kamin
Batting: RHB Hieu De 0-0: Swinging Strike
0-1: Foul Ball, location: 2F
0-2: Fly out, F9 (Flyball, 9LM)
Top of the 11th over - 3 run(s), 2 hit(s), 0 error(s), 2 left on base; Calgary 10 - Alloway 7
BOTTOM OF THE 11TH
Alloway Halberds batting - Pitching for Calgary Lynx : RHP Alfonso Vera
Pitching: RHP Roberto De La Cruz
Now in CF: Lowell Moon
Batting: LHB Jesús Trevino 0-0: Ball
1-0: Called Strike
1-1: Foul Ball, location: 2F
1-2: Ball
2-2: Foul Ball, location: 2F
2-2: SINGLE (Line Drive, 4MD)
Batting: RHB Juan Salinas 0-0: Ball
1-0: Foul Ball, location: 2F
1-1: Called Strike
1-2: Fly out, F6 (Popup, 6D)
Batting: RHB Scott Donlan 0-0: Called Strike
0-1: Foul Ball, location: 2F
0-2: Strikes out looking
Batting: LHB Ramón Rivera 0-0: Swinging Strike
0-1: Foul Ball, location: 2F
0-2: Foul Ball, location: 2F
0-2: Ball
1-2: Foul Ball, location: 2F
1-2: Ball
2-2: Foul Ball, location: 2F
2-2: Ball
3-2: Strikes out swinging
Bottom of the 11th over - 0 run(s), 1 hit(s), 0 error(s), 1 left on base; Calgary 10 - Alloway 7
Thursday, August 24th, 2017 - OOTP Baseball 17.12 Build 75